 Dungeon Crawl Stone Soup version 0.29.0-4-gdea44cf6ec (webtiles) character file.

Game seed: 5901342421605141487

1 qw the Firebug (level 1, -1/14 HPs)
             Began as a Ghoul Fire Elementalist on Aug 29, 2022.
             Slain by a dart slug (2 damage)
             ... on level 1 of the Dungeon.
             The game lasted 00:00:05 (349 turns).

qw the Firebug (Ghoul Fire Elementalist)             Turns: 349, Time: 00:00:06

Health: -1/14      AC:  2    Str: 11    XL:     1   Next: 20%
Magic:  2/2        EV: 12    Int: 10    God:
Gold:   6          SH:  0    Dex:  9    Spells: 2/3 levels left

rFire   . . .      SeeInvis .   (no weapon)
rCold   + . .      Faith    .   (no shield)
rNeg    + + +      Spirit   .   a - +0 robe
rPois   inf        Reflect  .   (no helmet)
rElec   .          Harm     .   (no cloak)
rCorr   .          Rampage  .   (no gloves)
Will    .....                   (no boots)
Stlth   ++........              (no amulet)
HPRegen 0.00/turn               (no ring)
MPRegen 0.08/turn               (no ring)

@: inhibited regen
A: claws 1, cold resistance 1, negative energy resistance 3, inhibited
regeneration, torment resistance 2, devour on kill
a: no special abilities


You were on level 1 of the Dungeon.
You visited 1 branch of the dungeon, and saw 1 of its levels.

You collected 6 gold pieces.


Innate Abilities, Weirdness & Mutations

You are immune to poison.
You have sharp fingernails.
Your flesh is cold resistant. (rC+)
You are immune to negative energy. (rN+++)
You do not regenerate when monsters are visible.
You are immune to unholy pain and torment.
You thrive by killing the living.


   Skills:
 - Level 1.7 Dodging
 - Level 2.1 Stealth
 + Level 0.4 Unarmed Combat
 - Level 1.7 Spellcasting
 - Level 0.7 Conjurations
 - Level 2.4 Fire Magic


You had 2 spell levels left.
You knew the following spells:

 Your Spells              Type           Power      Damage    Failure   Level
a - Foxfire               Conj/Fire      16%        2x1d4     17%         1

Your spell library contained the following spells:

 Spells                   Type           Power      Damage    Failure   Level
 Scorch                   Fire           10%        2d5       19%         2
 Conjure Flame            Conj/Fire      4%         6-21      45%         3
 Inner Flame              Hex/Fire       3%         N/A       52%         3
 Flame Wave               Conj/Fire      4%         2d5       86%         4

Inventory:

Armour
 a - a +0 robe (worn)
Potions
 b - a potion of magic

Dungeon Overview and Level Annotations

Branches:
Dungeon (1/15)

Altars:


Message History

You start resting.
HP restored.
A dart slug and a frilled lizard come into view.
133 ||| Stepping ~*~*~tactically~*~*~ (hiding).
You start waiting.
Done waiting.
235 ||| Stepping ~*~*~tactically~*~*~ (hiding).
You start waiting.
Done waiting.
The dart slug launches a dart at you. The slug dart hits you.
337 ||| Stepping ~*~*~tactically~*~*~ (hiding).
You start resting.
A dart slug is nearby!
You scratch the dart slug but do no damage.
The dart slug launches a dart at you. The slug dart hits you.
You scratch the dart slug.
The dart slug is lightly wounded.
The dart slug barely misses you.
You scratch the dart slug but do no damage.
The dart slug is lightly wounded.
You scratch the dart slug.
The dart slug is moderately wounded.
The frilled lizard hisses angrily.
The dart slug launches a dart at you. The slug dart misses you.
You scratch the dart slug.
The dart slug is moderately wounded.
The dart slug bites you.
You scratch the dart slug but do no damage.
The dart slug is moderately wounded.
You barely miss the dart slug.
The dart slug is moderately wounded.
The frilled lizard unfolds its giant frill.
The dart slug closely misses you.
You scratch the dart slug.
The dart slug is severely wounded.
The dart slug bites you.
You die...

### ..# #.# # #.# ##
#.###.# ..8#######
###...l.#####...........
......w.........8##...##
#@# #######.....# #.#
#....###.<.## #.#
#.#..##.....# #.#
#.#..8##...## #.#
#.#.......... #.#
#.#..8####### #.#
#.####.# #.# #.# .#
#.####.# .#


You could see a dart slug and a frilled lizard.

Vanquished Creatures
  An endoplasm (D:1)
1 creature vanquished.

Notes
Turn   | Place    | Note
-------+----------+-------------------------------------------
     0 | D:1      | qw the Ghoul Fire Elementalist began the quest for the Orb.
     0 | D:1      | Reached XP level 1. HP: 14/14 MP: 2/2
     0 | D:1      | 0 ||| qw: Version: 0.1-a-90-g952f4b7
     0 | D:1      | 0 ||| qw: Game counter: 3908
     0 | D:1      | 0 ||| qw: Always use a shield: true
     0 | D:1      | 0 ||| qw: God list: Okawaru
     0 | D:1      | 0 ||| qw: Allow faded altars: false
     0 | D:1      | 0 ||| qw: Do Orc after D:15 true
     0 | D:1      | 0 ||| qw: Do second Lair branch before Depths: true
     0 | D:1      | 0 ||| qw: Lair rune preference: random
     0 | D:1      | 0 ||| qw: Plans: Normal
     0 | D:1      | 0 ||| PLANNING D:1-11
   133 | D:1      | 133 ||| Stepping ~*~*~tactically~*~*~ (hiding).
   235 | D:1      | 235 ||| Stepping ~*~*~tactically~*~*~ (hiding).
   337 | D:1      | 337 ||| Stepping ~*~*~tactically~*~*~ (hiding).
   342 | D:1      | HP: 2/14 [dart slug/slug dart (6)]
   349 | D:1      | Slain by a dart slug

Levels and vault maps discovered:
D:1:      psy_arrival_basics, layout_loops_ring,
          hellmonk_ecumenical_altar_inner_sanctum

Action                   || total
-------------------------++-------
Melee: Unarmed           ||    11
Dodge: Dodged            ||     3

Table legend:
 A = Non-vault XP
 B = Vault XP
 C = Vault XP percentage of total XP
 D = Non-vault monster count
 E = Vault monster count
 F = Vault count percentage of total count
                 A         B        C        D         E       F
            +---------+---------+-------+---------+---------+-------
      Total |       2 |       0 |   0.0 |       1 |       0 |   0.0
            +---------+---------+-------+---------+---------+-------
        D:1 |       2 |       0 |   0.0 |       1 |       0 |   0.0
            +---------+---------+-------+---------+---------+-------
